 Dungeon Crawl Stone Soup version 0.18.1-50-g88ac8fd (webtiles) character file.

37 Huivn the Magician (level 3, -6/26 HPs)
             Began as a Draconian Wizard on Oct 24, 2016.
             Was an Initiate of Ashenzari.
             Mangled by a worm (11 damage)
             ... on level 3 of the Dungeon.
             The game lasted 00:22:43 (3069 turns).

Huivn the Magician (Draconian Wizard)               Turns: 3069, Time: 00:22:44

Health: -6/26      AC:  5    Str:  7 (9)  XL:     3   Next: 23%
Magic:  3/8        EV: 12    Int: 17 (19) God:    Ashenzari [......]
Gold:   41         SH:  0    Dex:  8 (9)  Spells: 3 memorised, 3 levels left

rFire  . . .     SeeInvis .     m - -3 spear (curse)
rCold  . . .     Gourm    .     (armour unavailable)
rNeg   . . .     Faith    .     (no shield)
rPois  .         Spirit   .     a - +0 hat (curse)
rElec  .         Dismiss  +     (no cloak)
rCorr  .         Reflect  .     (no gloves)
SustAt .         Harm     .     (no boots)
MR     .....                    i - amulet of dismissal
Stlth  +.........               (no ring)
                                (no ring)

@: not resistant to hostile enchantments, very unstealthy
A: unfitting armour, cold-blooded, AC +5
a: Curse Item, Renounce Religion


You were on level 3 of the Dungeon.
You worshipped Ashenzari.
Ashenzari was noncommittal.
You were hungry.

You visited 1 branch of the dungeon, and saw 3 of its levels.

You collected 41 gold pieces.

Inventory:

Hand Weapons
 m - a cursed -3 spear (weapon)
Armour
 a - a cursed +0 hat (worn)
 e - a cursed +0 leather armour
Jewellery
 i - an amulet of dismissal (around neck)
Scrolls
 f - a scroll of immolation
 l - a scroll of magic mapping
Books
 b - a book of Minor Magic

   Spells                             Type                      Level
   a - Magic Dart                     Conjuration                  1
   b - Blink                          Translocation                2
   c - Call Imp                       Summoning                    2
   d - Repel Missiles                 Charms/Air                   2
   e - Slow                           Hexes                        2
   f - Conjure Flame                  Conjuration/Fire             3
   g - Mephitic Cloud                 Conjuration/Poison/Air       3
Comestibles
 c - 2 fruits
 d - a beef jerky
 k - a bread ration


   Skills:
 + Level 2.1 Dodging
 + Level 1.7 Stealth
 + Level 0.4 Unarmed Combat
 + Level 3.6 Spellcasting
 + Level 1.6 Conjurations
   Level 1.0 Summonings
 + Level 1.0 Translocations


You had 3 spell levels left.
You knew the following spells:

 Your Spells              Type           Power        Failure   Level  Hunger
a - Magic Dart            Conj           #...         10%         1    None
b - Conjure Flame         Conj/Fire      #.......     38%         3    ###....
c - Blink                 Tloc           N/A          21%         2    ##.....


Dungeon Overview and Level Annotations

Branches:
Dungeon (3/15)

Altars:
Ashenzari


Innate Abilities, Weirdness & Mutations

Your plain brown scales are hard (AC +5).
Your body does not fit into most forms of armour.
You are cold-blooded and may be slowed by cold attacks.


Message History

You hit the worm but do no damage.
Your tail-slap misses the worm.
The worm is lightly wounded.
The worm bites you.
You barely miss the worm.
The worm is lightly wounded.
The worm bites you.
You hit the worm but do no damage. You hit the worm.
The worm is moderately wounded.
The worm closely misses you.
You barely miss the worm.
The worm is lightly wounded.
The worm bites you.
Casting: Magic Dart
Confirm with . or Enter, or press ? or * to list all spells.
Okay, then.
The worm bites you!
* * * LOW HITPOINT WARNING * * *
The worm bites you!
You die...

#.# #....# #.#######
#....# #w#.....#
###....#### #.......#
#.........####.#.
##....^.#
#..<.............
#......# #.........####.#
##.....########...<.#.#
###.##.....# #.......##
#.##.###.###@w......###.#
#.##.# #................#
#.##.###.#####.......####
#.##.....# #.....#.#
#.####.### ###.#.#.#
#.####.# #.#.#.# #......#
#.#.#.# ######## #...#..
#..##


You could see a worm.

Vanquished Creatures
  2 dart slugs (D:2)
  3 giant cockroaches
  7 goblins
  5 hobgoblins
  2 kobolds (D:1)
  A ball python (D:1)
  6 bats
  2 giant newts
  4 rats (D:1)
32 creatures vanquished.

Notes
Turn   | Place    | Note
--------------------------------------------------------------
     0 | D:1      | Huivn the Draconian Wizard began the quest for the Orb.
     0 | D:1      | Reached XP level 1. HP: 14/14 MP: 4/4
   225 | D:1      | Found a shattered altar of Ashenzari.
   323 | D:1      | Became a worshipper of Ashenzari the Shackled
   395 | D:1      | Reached XP level 2. HP: 19/20 MP: 0/6
  1395 | D:2      | Reached XP level 3. HP: 22/26 MP: 6/8
  1734 | D:2      | Found a shattered altar of Ashenzari.
  3022 | D:3      | Learned a level 3 spell: Conjure Flame
  3025 | D:3      | Learned a level 2 spell: Blink
  3069 | D:3      | Mangled by a worm

Skill      XL: |  1 |
---------------+----+-----
Dodging        | 2 |  2.1
Stealth        | |  1.7
Unarmed Combat | |  0.4
Spellcasting   | |  3.6
Conjurations   | |  1.6
Summonings     | |  1.0
Translocations | |  1.0

Action                   || total
-------------------------++-------
Melee: Unarmed           ||    38
       Tailslap          ||     3
       Hand axe          ||    20
       Spear             ||    19
 Cast: Magic Dart        ||    94
       Conjure Flame     ||     1
Invok: Curse Item        ||     1
  Use: Scroll            ||     6
       Potion            ||     2
  Eat: Bread ration      ||     1
       Fruit             ||     2
Armor: Skin              ||    32
Dodge: Dodged            ||    72
